 Dungeon Crawl Stone Soup version 0.19.0-20-gbc5f0c6 (webtiles) character file.

189 Chiseanne the Bolt Thrower (level 5, -1/30 HPs)
             Began as a Deep Elf Hunter on Nov 17, 2016.
             Killed from afar by an orc wizard (12 damage)
             ... with a puff of flame
             ... on level 3 of the Dungeon.
             The game lasted 00:06:17 (2205 turns).

Chiseanne the Bolt Thrower (Deep Elf Hunter)        Turns: 2205, Time: 00:06:18

Health: -1/30      AC:  5    Str: 10    XL:     5   Next: 40%
Magic:  7/7        EV: 13    Int: 16    God:
Gold:   240        SH:  0    Dex: 15    Spells: 0 memorised, 4 levels left

rFire  . . .     SeeInvis .     a - +2 hand axe (elec)
rCold  . . .     Gourm    .     c - +0 leather armour
rNeg   . . .     Faith    .     (no shield)
rPois  .         Spirit   .     r - +0 helmet
rElec  .         Reflect  .     t - +0 cloak
rCorr  .         Harm     .     (no gloves)
MR     .....                    (no boots)
Stlth  +++.......               (no amulet)
                                (no ring)
                                s - ring of stealth

@: lethally poisoned (-1 -> -6), hasted, very quick
A: no striking features
a: no special abilities


You were on level 3 of the Dungeon.
You were not hungry.

You visited 1 branch of the dungeon, and saw 3 of its levels.

You collected 240 gold pieces.

Inventory:

Hand Weapons
 a - a +2 hand axe of electrocution (weapon)
 w - a +1 hand crossbow
Missiles
 d - 15 bolts
 g - 41 sling bullets
 k - 42 arrows
 q - 68 stones (quivered)
Armour
 c - a +0 leather armour (worn)
 r - a +0 helmet (worn)
 t - a +0 cloak (worn)
 u - a +0 buckler
Jewellery
 s - a ring of stealth (left hand)
 v - an uncursed ring of magical power {unknown}
Scrolls
 b - a scroll of magic mapping
 i - a scroll of remove curse
 y - a scroll of blinking
Potions
 j - 3 potions of might
 l - a potion of flight {unknown}
 m - a potion of mutation {unknown}
 o - 2 potions of haste
 p - a potion of degeneration {unknown}
 x - a potion of agility {unknown}
Comestibles
 f - 4 bread rations
 h - a meat ration
 n - 2 beef jerkies
 z - a chunk of flesh


   Skills:
 + Level 2.2 Fighting
 * Level 2.1 Axes
 * Level 4.7 Crossbows
 + Level 3.5 Dodging
 - Level 1.2 Stealth


You had 4 spell levels left.
You didn't know any spells.

Dungeon Overview and Level Annotations

Branches:
Dungeon (3/15)

Altars:


Message History

The orc wizard gestures at you while chanting.
The magic dart hits you!
* * * LOW HITPOINT WARNING * * *
The orc hits you but does no damage.
The adder hisses angrily.
It was a potion of curing.
You feel better.
The orc hits you with a dagger of venom.
* * * LOW HITPOINT WARNING * * *
You are poisoned.
The orc wizard casts a spell at you. The puff of flame hits you!
* * * LOW HITPOINT WARNING * * *
You feel better. The orc wizard completely misses you.
The orc hits you but does no damage.
You are poisoned.
You feel yourself speed up.
You feel sick. The orc wizard hits you with a dagger.
The orc closely misses you.
The orc wizard gestures at you while chanting.
The puff of flame hits you!
You die...

#.#..###
#..... #.#..#
###... #....#
####.##
##...#
.......
#...### ##.
######.
#.....###....
##
#...#.#...# #
#####...## #
#@o..#
#oo##.# ....
#.## .# ..##
.. # S.# .##
.. ..


You could see an orc priest, an orc wizard, an adder and an orc.

Vanquished Creatures
  A hound zombie (D:3)
  Robin (D:2)
  4 adders
  4 gnolls (D:2)
  An ooze (D:3)
  2 worms (D:2)
  3 dart slugs
  2 leopard geckos
  An orc (D:3)
  A ball python (D:2)
  4 bats
  4 giant cockroaches
  15 goblins
  5 hobgoblins
  6 jackals
  A quokka (D:2)
  12 frilled lizards
  A kobold (D:2)
  6 rats
  A plant (D:2)
75 creatures vanquished.

Notes
Turn   | Place    | Note
-------+----------+-------------------------------------------
     0 | D:1      | Chiseanne the Deep Elf Hunter began the quest for the Orb.
     0 | D:1      | Reached XP level 1. HP: 12/12 MP: 3/3
   177 | D:1      | Reached XP level 2. HP: 17/17 MP: 4/4
   423 | D:1      | Reached skill level 4 in Crossbows
   563 | D:2      | Reached XP level 3. HP: 18/21 MP: 5/5
   929 | D:2      | Reached skill level 1 in Axes
   948 | D:2      | Reached XP level 4. HP: 23/26 MP: 6/6
  1087 | D:2      | Noticed Robin
  1109 | D:2      | Killed Robin
  1625 | D:2      | Reached XP level 5. HP: 30/30 MP: 7/7
  2205 | D:3      | Killed from afar by an orc wizard

Skill      XL: |  1  2  3  4  5 |
---------------+----------------+-----
Crossbows      | 4 |  4.7
Fighting       | 2 |  2.2
Axes           | 1 2 |  2.1
Dodging        | 3 |  3.5
Stealth        | |  1.2

Action                   |  1- 3 |  4- 6 || total
-------------------------+-------+-------++-------
Melee: Hand axe          |    23 |   113 ||   136
 Fire: Hand crossbow     |    33 |    31 ||    64
Throw: Stone             |       |     1 ||     1
  Use: Scroll            |     4 |     5 ||     9
       Potion            |       |     3 ||     3
 Stab: Sleeping          |     1 |     1 ||     2
  Eat: Chunk             |       |     4 ||     4
Armor: Leather armour    |     6 |    31 ||    37
Dodge: Dodged            |    26 |   101 ||   127
